 Dungeon Crawl Stone Soup version 0.21.1-1-g345015f (webtiles) character file.

102 prawnwizard the Sneak (level 4, -2/21 HPs)
             Began as a Spriggan Enchanter on June 26, 2018.
             Killed from afar by an orc wizard (4 damage)
             ... with a magic dart
             ... on level 3 of the Dungeon.
             The game lasted 00:34:55 (3243 turns).

prawnwizard the Sneak (Spriggan Enchanter)          Turns: 3243, Time: 00:34:55

Health: -2/21      AC:  4    Str:  4    XL:     4   Next: 49%
Magic:  10/10      EV: 18    Int: 17    God:
Gold:   71         SH:  0    Dex: 16    Spells: 4/10 levels left

rFire    . . .     SeeInvis +   a - +2 dagger
rCold    . . .     Gourm    .   (shield restricted)
rNeg     . . .     Faith    .   b - +1 robe
rPois    .         Spirit   .   (helmet restricted)
rElec    .         Reflect  .   r - +0 cloak
rCorr    .         Harm     .   (gloves unavailable)
MR       .....                  (boots unavailable)
Stlth    +++.......             (no amulet)
HPRegen  0.07/turn              (no ring)
MPRegen  0.12/turn              n - ring of see invisible

@: very quick
A: very small, unfitting armour, see invisible, herbivore, speed 3, slow
metabolism 2
a: no special abilities


You were on level 3 of the Dungeon.
You were not hungry.

You visited 1 branch of the dungeon, and saw 3 of its levels.

You collected 71 gold pieces.

Inventory:

Hand Weapons
 a - a +2 dagger (weapon)
 e - a +2 quarterstaff of chaos
 t - a +0 blowgun
Missiles
 f - 120 stones (quivered)
 i - 25 poisoned needles
 m - 22 arrows
Armour
 b - a +1 robe (worn)
 r - a +0 cloak (worn)
Jewellery
 n - a ring of see invisible (right hand)
 o - a -2 ring of dexterity
 p - a cursed ring of loudness {unknown}
Scrolls
 j - 2 scrolls of blinking
 q - a scroll of enchant armour
Potions
 g - a potion of lignification
 h - 2 potions of curing
 k - a potion of brilliance
 l - 2 potions of invisibility
 s - a potion of degeneration {unknown}
 u - a potion of heal wounds {unknown}
 v - a potion of magic {unknown}
Books
 c - a book of Maledictions

   Spells                             Type                      Level
   a - Corona                         Hexes                        1
   b - Ensorcelled Hibernation        Hexes/Ice                    2
   c - Confuse                        Hexes                        3
   d - Tukima's Dance                 Hexes                        3
   e - Dazzling Spray                 Conjuration/Hexes            3
Comestibles
 d - a ration


   Skills:
 + Level 0.1 Fighting
 * Level 2.2 Short Blades
 + Level 0.6 Throwing
 + Level 3.2 Dodging
 + Level 5.8 Stealth
 + Level 3.5 Spellcasting
 + Level 4.2 Hexes
 - Level 0.2 Ice Magic


You had 4 spell levels left.
You knew the following spells:

 Your Spells              Type           Power        Failure   Level  Hunger
a - Corona                Hex            ###....      3%          1    None
b - Ensorcelled Hibernat  Hex/Ice        ##....       10%         2    ##.....
c - Confuse               Hex            ###.....     9%          3    ###....


Dungeon Overview and Level Annotations

Branches:
Dungeon (3/15)

Altars:
Xom

Annotations:
D:3 mistaj's ghost, amateur TrMo


Innate Abilities, Weirdness & Mutations

You are very small and have problems with some larger weapons.
You are too small for most types of armour.
You have supernaturally acute eyesight. (SInv)
You are a herbivore.
You cover ground extremely quickly.
You need consume almost no food.


Message History

The orc closely misses you.
You closely miss the orc wizard.
The orc wizard is heavily wounded.
The orc wizard misses you. The orc closely misses you.
You hit the orc wizard.
The orc wizard is heavily wounded.
The orc wizard casts a spell at you. The puff of flame misses you.
The orc closely misses you.
You hit the orc wizard but do no damage.
The orc wizard is heavily wounded.
The orc wizard barely misses you. The orc completely misses you.
The orc wizard hits you with a dagger of holy wrath.
* * * LOW HITPOINT WARNING * * *
Found a blowgun.
Found a ration and a potion of curing.
You see here a blowgun.
t - a blowgun The orc wizard points at you and mumbles some strange words.
The magic dart hits you!
You die...

########### #
....!.....###########...
....%..@........o.).'...
.########.####.##o###...
........<###o##)#
#####.....o..##.#
#........##.#
#..?.....##.#
####.($.....##.#
............##W#
####...........#


You could see an orc wizard.

Vanquished Creatures
  Crazy Yiuf (D:2)
  2 adders
  2 worms
  A leopard gecko (D:1)
  3 orcs (D:3)
  A ball python (D:3)
  2 giant cockroaches
  6 goblins
  9 hobgoblins
  2 kobolds
  A quokka (D:2)
  3 bats
  3 frilled lizards
  9 rats
45 creatures vanquished.

Notes
Turn   | Place    | Note
-------+----------+-------------------------------------------
     0 | D:1      | prawnwizard the Spriggan Enchanter began the quest for the Orb.
     0 | D:1      | Reached XP level 1. HP: 9/9 MP: 5/5
   926 | D:1      | Reached XP level 2. HP: 12/13 MP: 7/7
   932 | D:1      | Learned a level 2 spell: Ensorcelled Hibernation
  1529 | D:2      | Reached skill level 5 in Stealth
  1940 | D:2      | Reached XP level 3. HP: 16/16 MP: 3/8
  2257 | D:2      | Found a runed door.
  2343 | D:2      | Noticed Crazy Yiuf
  2513 | D:2      | Killed Crazy Yiuf
  2513 | D:2      | Reached XP level 4. HP: 14/21 MP: 7/10
  2679 | D:2      | Learned a level 3 spell: Confuse
  2826 | D:3      | Found a shimmering altar of Xom.
  3165 | D:3      | Noticed mistaj's ghost (amateur TrMo)
  3231 | D:3      | HP: 1/21 [orc wizard/dagger of holy wrath (2)]
  3243 | D:3      | Killed from afar by an orc wizard

Skill      XL: |  1  2  3 |
---------------+----------+-----
Spellcasting   | 3 |  3.5
Stealth        | 5 |  5.8
Hexes          | 4 |  4.2
Short Blades   | 2 |  2.2
Fighting       | |  0.1
Throwing       | |  0.6
Dodging        | |  3.2
Ice Magic      | |  0.2

Action                   |  1- 3 |  4- 6 || total
-------------------------+-------+-------++-------
Melee: Dagger            |   125 |    73 ||   198
Throw: Stone             |    22 |       ||    22
 Cast: Corona            |     1 |       ||     1
       Ensorcelled Hiber |    20 |     6 ||    26
       Confuse           |       |     2 ||     2
  Use: Scroll            |     8 |     1 ||     9
 Stab: Sleeping          |    17 |     4 ||    21
  Eat: Ration            |       |     1 ||     1
Armor: Robe              |     9 |     7 ||    16
Dodge: Dodged            |    78 |    51 ||   129
